 Dungeon Crawl Stone Soup version 0.29.1-1-gd02db6906a (webtiles) character file.

Game seed: 11876909006208689333

31721 wingedge the Summoner (level 13, -3/90 HPs)
             Began as an Octopode Summoner on Oct 2, 2022.
             Was an Initiate of Gozag.
             Slain by a freezing wraith (11 damage)
             ... in an ice cave on Oct 3, 2022.
             The game lasted 01:32:28 (18941 turns).

wingedge the Summoner (Octopode Summoner)          Turns: 18941, Time: 01:32:29

Health: -3/90      AC:  3    Str:  9    XL:     13   Next: 59%
Magic:  17/25      EV: 18    Int: 21    God:    Gozag
Gold:   1522       SH:  6    Dex: 12    Spells: 1/28 levels left

rFire   x . .      SeeInvis +   b - +1 war axe (flame)
rCold   + + .      Faith    .   r - +1 buckler
rNeg    . . .      Spirit   .   i - +2 hat {Stlth+}
rPois   .          Reflect  .   G - amulet of magic regeneration
rElec   .          Harm     .   z - +4 ring of evasion
rCorr   .          Rampage  .   I - ring of see invisible
Will    .....                   X - ring of protection from cold
Stlth   ++++......              W - ring of ice
HPRegen 0.25/turn               (no ring)
MPRegen 0.59/turn               (no ring)
                                (no ring)
                                (no ring)

@: on berserk cooldown, slowed, very slow
A: almost no armour, amphibious, 8 rings, camouflage 1, gelatinous body 1,
(nimble swimmer 1), tentacles
a: Renounce Religion, Potion Petition, Call Merchant, Bribe Branch


You were in an ice cave.
You worshipped Gozag.
Gozag was most pleased with you.
You visited 3 branches of the dungeon, and saw 15 of its levels.
You also visited: Ice Cave.

You collected 3667 gold pieces.
You spent 1118 gold pieces at shops.
You paid 1027 gold pieces to Gozag.

Inventory:

Hand Weapons
 a - the +4 long sword "Muserch" {drain, Str+2}
   (You found it on level 2 of the Lair of Beasts)

   A truly terrible weapon, it drains the life of any living foe it strikes.
   Str:       It affects your strength (+2).
 b - a +1 war axe of flaming (weapon)
 h - a +1 falchion of holy wrath
 E - a +1 falchion of electrocution
Missiles
 f - 11 curare-tipped darts (quivered)
 y - 3 throwing nets
Armour
 i - a +2 hat of stealth (worn)
 r - a +1 buckler (worn)
 B - a +0 kite shield of cold resistance
Magical Staves
 c - a staff of cold
 e - a staff of earth
 p - a staff of poison
Jewellery
 z - a +4 ring of evasion (left tentacle)
 G - an amulet of magic regeneration (around mantle)
 I - a ring of see invisible (right tentacle)
 W - a ring of ice (on tentacle)
 X - a ring of protection from cold (on tentacle)
Wands
 l - a wand of iceblast (18)
 L - a wand of mindburst (14)
 P - a wand of paralysis (2)
 Q - a wand of digging (9)
 U - a wand of light (5)
Scrolls
 d - 2 scrolls of amnesia
 m - a scroll of immolation
 s - 2 scrolls of vulnerability
 v - 3 scrolls of silence
 w - 4 scrolls of fear
 C - 2 scrolls of blinking
 D - 3 scrolls of poison
 F - 2 scrolls of fog
 H - 3 scrolls of teleportation
 K - 2 scrolls of torment
 M - a scroll of summoning
 S - 6 scrolls of enchant weapon
 T - a scroll of brand weapon
 Z - a scroll of identify
Potions
 g - 3 potions of mutation
 j - 3 potions of cancellation
 k - a potion of magic
 n - a potion of flight
 o - a potion of ambrosia
 q - 4 potions of heal wounds
 t - a potion of invisibility
 u - a potion of might
 x - 8 potions of brilliance
 A - 2 potions of haste
 J - 8 potions of attraction
 N - 2 potions of lignification
 Y - 3 potions of curing
Miscellaneous
 R - a tin of tremorstones (2/2)
 V - a phial of floods


   Skills:
 - Level 9.0 Fighting
 - Level 1.0 Throwing
 + Level 5.4 Dodging
 - Level 3.0 Stealth
 - Level 5.0 Shields
 - Level 8.0 Spellcasting
 - Level 1.0 Conjurations
 - Level 2.0 Hexes
 - Level 11.0 Summonings
 + Level 1.8 Translocations
 + Level 9.2 Transmutations
 - Level 11.0 Air Magic
 - Level 4.0 Poison Magic


You had one spell level left.
You knew the following spells:

 Your Spells              Type           Power      Damage    Failure   Level
a - Summon Small Mammal   Summ           100%       N/A       1%          1
b - Call Imp              Summ           53%        N/A       1%          2
c - Call Canine Familiar  Summ           53%        N/A       1%          3
d - Poisonous Vapours     Pois/Air       78%        N/A       1%          2
e - Summon Lightning Spi  Summ/Air       53%        N/A       1%          4
f - Airstrike             Air            26%        2d(4-20)  1%          4
g - Summon Guardian Gole  Hex/Summ       35%        N/A       1%          3
h - Spider Form           Tmut/Pois      36%        N/A       1%          3
i - Mephitic Cloud        Conj/Pois/Air  30%        N/A       3%          3
j - Blink                 Tloc           30%        N/A       8%          2

Your spell library contained the following spells:

 Spells                   Type           Power      Damage    Failure   Level
 Beastly Appendage        Tmut           94%        N/A       1%          1
 Shock                    Conj/Air       100%       1d9       1%          1
 Sting                    Tmut/Pois      100%       1d8       1%          1
 Slow                     Hex            64%        N/A       4%          1
 Wereblood                Tmut           47%        N/A       1%          2
 Swiftness                Air            53%        N/A       1%          3
 Passwall                 Tmut/Erth      22%        N/A       2%          2
 Ensorcelled Hibernation  Hex/Ice        36%        N/A       10%         2
 Confusing Touch          Hex            16%        N/A       13%         3
 Lesser Beckoning         Tloc           15%        N/A       14%         3
 Olgreb's Toxic Radiance  Pois           25%        N/A       19%         4
 Alistair's Intoxication  Tmut/Pois      24%        N/A       19%         5
 Vampiric Draining        Necr           8%         2d6       30%         3
 Leda's Liquefaction      Hex/Erth       6%         N/A       54%         4
 Manifold Assault         Tloc           15%        N/A       80%         5
 Storm Form               Tmut/Air       25%        N/A       80%         7
 Statue Form              Tmut/Erth      18%        N/A       93%         6
 Lee's Rapid Deconstruct  Erth           4%         3d6*      95%         5
 Dispersal                Tloc           7%         N/A       100%        6
 Borgnjor's Revivificati  Necr           4%         N/A       100%        8
 Disjunction              Tloc           7%         N/A       100%        8
 Maxwell's Capacitive Co  Air            26%        ∞         100%        8
 Necromutation            Tmut/Necr      13%        N/A       100%        8
 Death's Door             Necr           4%         N/A       100%        9


Dungeon Overview and Level Annotations

Branches:
Dungeon (12/15)            Temple (1/1) D:7            Lair (2/5) D:9
  Swamp (0/4) Lair:2          Orc (0/2) D:9           IceCv (1/1)
  Snake: Lair:2-3    Spider: Lair:2-3

Altars:
Ashenzari
Cheibriados
Dithmenos
Elyvilon
Fedhas
Gozag
Hepliaklqana
Kikubaaqudgha
Makhleb
Nemelex Xobeh
Okawaru
Qazlal
Ru
Sif Muna
Trog
Uskayaw
Vehumet
Wu Jian
Xom
Yredelemnul
Zin
The Shining One

Shops:
D:2 :?(   D:12 (

Annotations:
IceCv exclusion: ice statue


Innate Abilities, Weirdness & Mutations

You cannot wear most types of armour.
You are amphibious.
You can wear up to eight rings at the same time.
Your skin changes colour to match your surroundings (Stealth+).
Your rubbery body absorbs attacks. (AC +1, EV +1)
((You are camouflaged when in or above water. (Stealth+)))
You have tentacles for arms and can constrict up to eight enemies at once.


Message History

Casting: Call Canine Familiar (safe; 1% risk of failure)
Confirm with . or Enter, or press ? or * to list all spells.
Unknown command.
You swap places.
You flicker for a moment.
You start to feel less resistant.
Your wolf bites the freezing wraith.
The freezing wraith barely misses your wolf. x2
Your wolf closely misses the freezing wraith.
The freezing wraith barely misses your wolf.
The freezing wraith hits your wolf but does no damage.
Unknown command.
Casting: Call Canine Familiar (safe; 1% risk of failure)
Confirm with . or Enter, or press ? or * to list all spells.
A guardian golem appears, shielding your allies.
Your wolf bites the freezing wraith but does no damage.
Your wolf barely misses the freezing wraith.
The freezing wraith hits your wolf. The freezing wraith freezes your wolf!!
The freezing wraith closely misses your wolf.
Your wolf completely misses the freezing wraith.
Unknown command.
Your wolf bites the freezing wraith but does no damage.
The freezing wraith hits your wolf! The freezing wraith freezes your wolf!
Your wolf dies!
Your wolf's corpse disappears in a puff of smoke!
Unknown command.
Unknown command.
Casting: Summon Guardian Golem (safe; 1% risk of failure)
Confirm with . or Enter, or press ? or * to list all spells.
An electric hum fills the air.
Unknown command.
Unknown command.
Your lightning spire cannot move out of your way!
You flicker back into view.
Your resistance to elements expires.
The freezing wraith hits you!
* * * LOW HITPOINT WARNING * * *
The freezing wraith freezes you. You resist.
* * * LOW HITPOINT WARNING * * *
The freezing wraith hits you!
You die...
Your body crumbles into a pile of gold.

##..# ##...#h..
##.## #..#....#
#..## #..#...##
##..# #..##.##
##.## ##..### #..#
######..## # ##9##
#[(# ##..# # #W.#
#..###..#### #.@#
##..8#..## #. #8##
#......## ##.
#..####......#
##..
##..##.......#
#..#
#..#........###..#
#.##.......###..##
#...##.....###..#
##..##.....##..##
#.####.....#..#


You could see a freezing wraith (ally target), a friendly guardian golem
(summoned) and a friendly lightning spire (summoned, sheltered).

Vanquished Creatures
  A boulder beetle (D:12)
  A catoblepas (Lair:1)
  Pikel (D:9)
  A deep elf pyromancer (D:12)
  An anaconda simulacrum (IceCv)
  2 trolls (D:12)
  A hornet (D:9)
  3 yaks (D:9)
  A water elemental (D:12)
  A wyvern (D:7)
  A death yak simulacrum (IceCv)
  A water moccasin (Lair:2)
  A black bear (D:5)
  2 wolves (Lair:1)
  3 centaurs
  Blork the orc (D:4)
  2 bullfrogs
  A necrophage (D:5)
  3 scorpions
  A nameless horror (D:6)
  An electric eel (D:12)
  2 hounds
  An orc priest (D:3)
  5 orc wizards
  A spriggan simulacrum (IceCv)
  A wolf simulacrum (IceCv)
  A gnoll (D:3)
  An ufetubus (D:6)
  An orc (D:10)
  2 endoplasms
  A giant cockroach (D:5)
  2 hobgoblins (D:1)
  A jackal (D:1)
  5 kobolds
  A quokka (D:5)
  3 bats
  A rat (D:2)
59 creatures vanquished.

Vanquished Creatures (collateral kills)
  A centaur warrior (D:12)
  A dancing weapon (D:7)
  2 two-headed ogres
  An ugly thing (IceCv)
  An orc sorcerer (D:8)
  A cyclops (D:12)
  Maurice (D:10)
  Maggie (D:8)
  A cane toad (Lair:1)
  Psyche (D:12)
  3 komodo dragons
  A kobold demonologist (D:12)
  2 rime drakes (Lair:2)
  A freezing wraith (IceCv)
  10 ice devils (IceCv)
  The ghost of dornbeast the Ruffian, an amateur TrGl of Kikubaaqudgha (D:7)
  3 trolls
  5 blink frogs (Lair:1)
  2 shadows
  Sigmund (D:3)
  5 wyverns
  5 wraiths
  A dire elephant simulacrum (IceCv)
  A vampire (D:12)
  21 yaks
  2 basilisks
  A death yak simulacrum (IceCv)
  A vampire mosquito (D:11)
  2 acid dragons
  2 hydra simulacra (IceCv)
  3 water moccasins (D:9)
  5 orc warriors
  A black bear (D:7)
  An ogre (D:5)
  8 wolves (Lair:1)
  6 centaurs
  2 kobold brigands
  2 phantoms
  A scorpion (D:6)
  5 cane toad simulacra (IceCv)
  4 wights (D:7)
  2 elephant simulacra (IceCv)
  5 killer bees (D:11)
  A nameless horror (D:5)
  A howler monkey (D:11)
  A jelly (D:3)
  2 gnoll boudas (D:7)
  7 orc priests
  2 hounds
  5 iguanas
  6 orc wizards
  2 polar bear simulacra (IceCv)
  2 troll simulacra (IceCv)
  3 wolf simulacra (IceCv)
  10 gnolls
  A naga simulacrum (IceCv)
  3 adders
  4 white imps
  A worm (D:2)
  3 dart slugs
  47 orcs
  4 ball pythons
  19 endoplasms
  3 giant cockroaches
  7 goblins
  15 hobgoblins
  A jackal (D:1)
  21 kobolds
  3 quokkas
  2 bats
  A frilled lizard (D:1)
  4 rats
307 creatures vanquished.

Vanquished Creatures (others)
  Josephine (D:10)
  Fannar (D:12)
  An ugly thing (D:12)
  A necromancer (IceCv)
  2 komodo dragons (Lair:1)
  An ice devil (IceCv)
  An anaconda simulacrum (IceCv)
  12 yaks
  A wraith (D:10)
  A dire elephant simulacrum (IceCv)
  A death yak simulacrum (IceCv)
  A harpy simulacrum (IceCv)
  2 kobold brigands
  2 cane toad simulacra (IceCv)
  A killer bee (D:11)
  2 kobolds (D:12)
  A bush (D:9)
  8 fungi
  48 plants
88 creatures vanquished.

Grand Total: 454 creatures vanquished

Notes
Turn   | Place    | Note
-------+----------+-------------------------------------------
     0 | D:1      | wingedge the Octopode Summoner began the quest for the Orb.
     0 | D:1      | Reached XP level 1. HP: 11/11 MP: 3/3
   159 | D:1      | Reached skill level 1 in Fighting
   251 | D:1      | Reached XP level 2. HP: 18/18 MP: 3/5
   574 | D:1      | Learned a level 2 spell: Call Imp
  1015 | D:1      | Found a faded altar of an unknown god.
  1198 | D:1      | Reached XP level 3. HP: 23/23 MP: 1/7
  1330 | D:1      | Learned a level 3 spell: Call Canine Familiar
  1626 | D:2      | Found Pish's Distillery.
  1636 | D:2      | Bought a potion of degeneration for 12 gold pieces
  1712 | D:2      | Found Ipsoq's Book Shoppe.
  1734 | D:2      | Found Iven's Magic Scroll Boutique.
  1749 | D:2      | Reached XP level 4. HP: 29/29 MP: 4/8
  1792 | D:2      | Reached skill level 1 in Throwing
  2343 | D:2      | Bought a potion of curing for 36 gold pieces
  2468 | D:2      | Found Veameg's Antique Weapon Boutique.
  2719 | D:3      | Reached XP level 5. HP: 16/34 MP: 5/9
  3107 | D:3      | Identified the +2 helmet "Winnoddeu" {Int+4 Dex-5 Slay+4}
  3159 | D:3      | Found a basalt altar of Yredelemnul.
  3164 | D:3      | Reached skill level 5 in Summonings
  3331 | D:3      | Found an opulent altar of Gozag.
  3334 | D:3      | Noticed Sigmund
  3349 | D:3      | Killed Sigmund
  3350 | D:3      | Reached XP level 6. HP: 40/42 MP: 5/10
  3610 | D:3      | Became a worshipper of Gozag Ym Sagoz the Greedy
  3705 | D:3      | Reached skill level 1 in Air Magic
  3748 | D:3      | Learned a level 2 spell: Poisonous Vapours
  3809 | D:2      | Bought a scroll of noise for 14 gold pieces
  3926 | D:3      | Reached skill level 1 in Poison Magic
  4521 | D:4      | Noticed Blork the orc
  4530 | D:4      | Killed Blork the orc
  4531 | D:4      | Reached XP level 7. HP: 33/46 MP: 3/11
  4536 | D:4      | Learned a level 4 spell: Summon Lightning Spire
  5206 | D:5      | Entered Level 5 of the Dungeon
  5725 | D:5      | Reached skill level 5 in Air Magic
  5880 | D:5      | Reached XP level 8. HP: 32/52 MP: 7/13
  6952 | D:2      | Bought a potion of magic for 96 gold pieces
  6952 | D:2      | Bought a potion of brilliance for 48 gold pieces
  6952 | D:2      | Bought a potion of might for 48 gold pieces
  6952 | D:2      | Bought a potion of lignification for 36 gold pieces
  6952 | D:2      | Bought a potion of heal wounds for 60 gold pieces
  6952 | D:2      | Bought a potion of attraction for 36 gold pieces
  6992 | D:2      | Bought a scroll of poison for 56 gold pieces
  6992 | D:2      | Bought a scroll of fear for 56 gold pieces
  7909 | D:7      | Noticed a yak
  7920 | D:7      | Noticed a yak
  7920 | D:7      | Noticed a yak
  7922 | D:7      | Noticed a yak
  7931 | D:7      | Killed a yak
  7952 | D:6      | Killed a yak
  7953 | D:6      | Reached XP level 9. HP: 45/58 MP: 9/15
  8026 | D:6      | Learned a level 4 spell: Airstrike
  8182 | D:7      | Found a runed translucent door.
  8185 | D:7      | Found a shimmering altar of Xom.
  8185 | D:7      | Noticed dornbeast's ghost (amateur TrGl)
  8190 | D:7      | Noticed a +0 trident of chaos
  8230 | D:7      | Found a staircase to the Ecumenical Temple.
  8238 | Temple   | Entered the Ecumenical Temple
  8898 | D:7      | HP: 2/58 [centaur/arrow (14)]
  9188 | D:7      | Reached skill level 5 in Fighting
  9199 | D:7      | Reached skill level 5 in Spellcasting
  9607 | D:7      | Killed dornbeast's ghost
  9608 | D:7      | Reached XP level 10. HP: 22/66 MP: 2/17
  9609 | D:7      | Killed a +0 trident of chaos
  9610 | D:7      | Reached skill level 10 in Summonings
  9851 | D:8      | Noticed Maggie
  9853 | D:8      | Noticed an orc sorcerer
  9856 | D:8      | Killed Maggie
  9860 | D:8      | Killed an orc sorcerer
 10148 | D:8      | Learned a level 3 spell: Summon Guardian Golem
 10387 | D:8      | Reached skill level 5 in Dodging
 10754 | D:8      | Noticed a two-headed ogre
 10764 | D:8      | Killed a two-headed ogre
 11113 | D:9      | Reached XP level 11. HP: 75/75 MP: 9/18
 11233 | D:9      | Found a staircase to the Lair.
 11442 | D:9      | Found a staircase to the Orcish Mines.
 11450 | D:9      | Noticed Pikel
 11458 | D:9      | Killed Pikel
 11527 | D:9      | Reached skill level 5 in Shields
 11912 | D:10     | Entered Level 10 of the Dungeon
 12096 | D:10     | Noticed a two-headed ogre
 12125 | D:10     | Killed a two-headed ogre
 12246 | D:10     | Noticed Maurice
 12251 | D:10     | Killed Maurice
 12258 | D:10     | Noticed Josephine
 12269 | D:10     | Killed Josephine
 12621 | D:10     | Reached XP level 12. HP: 85/85 MP: 21/21
 12622 | D:10     | Reached skill level 1 in Transmutations
 13304 | D:11     | Learned a level 3 spell: Spider Form
 14897 | D:12     | Noticed Psyche
 14902 | D:12     | Noticed a centaur warrior
 14906 | D:12     | Killed a centaur warrior
 14926 | D:12     | Killed Psyche
 14927 | D:12     | Reached skill level 10 in Air Magic
 15136 | D:12     | Noticed a boulder beetle
 15149 | D:12     | Killed a boulder beetle
 15461 | D:12     | Reached skill level 5 in Transmutations
 15609 | D:12     | Found Sekoa's Antique Weapon Shop.
 15707 | D:12     | Noticed Fannar
 15723 | D:12     | Killed Fannar
 16132 | Lair:1   | Entered Level 1 of the Lair of Beasts
 16156 | Lair:1   | Noticed a catoblepas
 16167 | Lair:1   | Killed a catoblepas
 16352 | Lair:1   | Reached XP level 13. HP: 90/90 MP: 20/23
 16618 | D:2      | Bought an Inescapable Atlas for 340 gold pieces
 16618 | D:2      | Bought the Directory of the Tainted Wayfarer for 280 gold
                  | pieces
 16622 | D:2      | Learned a level 3 spell: Mephitic Cloud
 17754 | Lair:2   | Found a frozen archway.
 17775 | Lair:2   | Identified the +4 long sword "Muserch" {drain, Str+2}
 17834 | IceCv    | Entered an ice cave
 18150 | IceCv    | Reached skill level 1 in Conjurations
 18446 | IceCv    | Found an ancient bone altar of Kikubaaqudgha.
 18482 | IceCv    | Learned a level 2 spell: Blink
 18503 | IceCv    | Reached skill level 1 in Translocations
 18908 | IceCv    | Identified the ring "Cosupla" {+Blink rPois rN+ Will-
                  | Str+9}
 18941 | IceCv    | Slain by a freezing wraith

Illustrated notes

Levels and vault maps discovered:
D:1:      matt_arrival_refuge, layout_basic, ebering_ecumenical_altar_hall,
          st_stairs_5
D:2:      layout_loops_ring, serial_shops,
          nicolae_shop_temple_entry_statues_fountains, shop,
          nicolae_shop_statue_plus, nicolae_shop_statue_plus,
          corexii_leaking_fountain, nrook_loot_triangle
D:3:      layout_basic, mainiacjoe_overflow_catwalk_spiral, uniq_sigmund
D:4:      layout_loops_ring, uniq_blork_the_orc
D:5:      layout_loops_cross, portal_sewer_entry_f, minmay_joined_circles
D:6:      layout_loops_ring, dk_vineyard_3, kennysheep_generic_room_9
D:7:      layout_rooms, minmay_temple_entry_statues_pillars, ebering_ghost_xom,
          serial_bayou_pond_a, hex_large, sigmund_army
D:8:      cheibrodos_wizards_tower, layout_basic, uniq_maggie
D:9:      layout_irregular_city, minmay_lair_entry_grove, david_orc_3,
          uniq_pikel
D:10:     layout_loops_ring, uniq_maurice, uniq_josephine
D:11:     layout_layer_cave
D:12:     layout_big_octagon, serial_shops, shop_statue, hangedman_decor_push,
          serial_bayou_lake_a, uniq_fannar, uniq_psyche
Temple:   mainiacjoe_temple_big_plus
Lair:1:   layout_long_grid
Lair:2:   layout_loops_ring, minmay_swamp_entry_reptiles, portal_ice_cave_rime
IceCv:    ice_cave_small_necro

Skill      XL: |  1  2  3  4  5  6  7  8  9 10 11 12 13 |
---------------+----------------------------------------+-----
Fighting       | 1 2 3 4 5 7 9 |  9.0
Stealth        | 3 |  3.0
Spellcasting   | 3 4 5 6 8 |  8.0
Throwing       | 1 |  1.0
Summonings     | 5 6 8 9 10 11 | 11.0
Air Magic      | 2 5 6 7 8 9 11 | 11.0
Poison Magic   | 2 4 |  4.0
Dodging        | 5 |  5.4
Shields        | 3 5 |  5.0
Hexes          | 2 |  2.0
Transmutations | 7 9 |  9.2
Conjurations   | 1 |  1.0
Translocations | 1 |  1.8

Action                   |  1- 3 |  4- 6 |  7- 9 | 10-12 | 13-15 || total
-------------------------+-------+-------+-------+-------+-------++-------
Melee: Unarmed           |    12 |       |       |       |       ||    12
       Constrict         |     4 |     2 |    11 |     8 |     6 ||    31
       Short sword       |     7 |    11 |    21 |       |       ||    39
       Tentacles         |     6 |     3 |    13 |    10 |     9 ||    41
       Hand axe          |     3 |     3 |       |       |       ||     6
       Falchion          |       |       |    17 |     5 |       ||    22
       War axe           |       |       |       |    18 |    28 ||    46
       Punch             |       |       |       |     1 |     1 ||     2
 Fire: Sling             |     2 |       |       |       |       ||     2
Throw: Dart              |     2 |     4 |     3 |       |       ||     9
       Throwing net      |       |     2 |       |       |       ||     2
 Cast: Summon Small Mamm |    38 |    20 |     2 |     2 |       ||    62
       Call Imp          |    13 |    15 |    21 |     7 |       ||    56
       Call Canine Famil |     3 |    13 |    30 |    30 |    16 ||    92
       Poisonous Vapours |       |     3 |     4 |     7 |     2 ||    16
       Summon Lightning  |       |       |    27 |    64 |    22 ||   113
       Airstrike         |       |       |     3 |    40 |     7 ||    50
       Summon Guardian G |       |       |       |    43 |    20 ||    63
       Spider Form       |       |       |       |     4 |       ||     4
       Mephitic Cloud    |       |       |       |       |     3 ||     3
Invok: Potion Petition   |       |       |     1 |       |     2 ||     3
 Abil: End Transformatio |       |       |       |     3 |       ||     3
  Use: Potion            |       |     3 |     6 |       |       ||     9
       Scroll            |       |    10 |     4 |     9 |     2 ||    25
 Stab: Sleeping          |     1 |     4 |     2 |       |       ||     7
       Distracted        |     1 |       |       |       |     1 ||     2
Armor: Skin              |     7 |     1 |     3 |     3 |     1 ||    15
Dodge: Dodged            |    31 |    17 |    64 |    50 |    19 ||   181
Block: Buckler           |       |       |       |    15 |    14 ||    29
